 Dungeon Crawl Stone Soup version 0.28-a0-667-g162e43154e (webtiles) character file.

Game seed: 18326063679687607659

3375 DungeonMaster the Fighter (level 9, -6/74 HPs)
             Began as a Demonspawn Wanderer on Oct 17, 2021.
             Was an Initiate of Gozag.
             Splashed by a brown ugly thing's acid (8 damage)
             ... on level 7 of the Dungeon.
             The game lasted 00:12:45 (9916 turns).

DungeonMaster the Fighter (Demonspawn Wanderer)     Turns: 9916, Time: 00:12:45

Health: -6/74      AC: 10    Str: 15    XL:     9   Next: 74%
Magic:  10/10      EV: 15    Int: 13    God:    Gozag
Gold:   361        SH:  0    Dex: 20    Spells: 10/10 levels left

rFire   + . .      SeeInvis .   a - +1 hand axe (venom)
rCold   + . .      Faith    .   (no shield)
rNeg    . . .      Spirit   .   i - +1 ring mail
rPois   .          Reflect  .   t - +0 helmet
rElec   .          Harm     .   E - scarf {rC+ rF+}
rCorr   .          Rampage  .   p - +0 pair of gloves
Will    .....                   l - +0 pair of boots
Stlth   +.........              (no amulet)
HPRegen 0.22/turn               e - +6 ring of dexterity
MPRegen 0.12/turn               (no ring)

@: corroded
A: molten scales 2, augmentation 1, weakness stinger 1
a: Renounce Religion, Potion Petition, Call Merchant, Bribe Branch


You were on level 7 of the Dungeon.
You worshipped Gozag.
Gozag was aware of your devotion.
You visited 2 branches of the dungeon, and saw 8 of its levels.

You collected 539 gold pieces.
You paid 178 gold pieces to Gozag.

Inventory:

Hand Weapons
 a - a +1 hand axe of venom (weapon)
 s - a +2 spear of flaming
 y - a +0 hunting sling
Missiles
 g - 106 stones (quivered)
 j - 151 arrows
 m - 63 sling bullets
 n - 113 bolts
 u - 3 atropa-tipped darts
 w - 6 javelins
 B - 6 curare-tipped darts
 C - 6 silver boomerangs
 G - 2 boomerangs
Armour
 i - a +1 ring mail (worn)
 l - a +0 pair of boots (worn)
 p - a +0 pair of gloves (worn)
 t - a +0 helmet (worn)
 E - a scarf of resistance (worn)
Jewellery
 e - a +6 ring of dexterity (left hand)
 o - an amulet of reflection
Wands
 z - a wand of mindburst (4)
 H - a wand of digging (6)
Scrolls
 d - a scroll of identify
 r - 2 scrolls of enchant armour
 v - a scroll of amnesia
Potions
 b - 3 potions of berserk rage
 c - a potion of lignification
 f - 2 potions of curing
 h - a potion of haste
 k - a potion of mutation


   Skills:
 * Level 8.1 Fighting
 - Level 1.7 Staves
 * Level 7.1 Armour
 * Level 7.3 Dodging
 - Level 1.0 Stealth
 - Level 1.0 Spellcasting
 - Level 3.0 Hexes
 - Level 1.0 Air Magic
 - Level 1.0 Evocations


You had 10 spell levels left.
You didn't know any spells.
Your spell library contained the following spells:

 Spells                   Type           Power      Damage    Failure   Level
 Animate Skeleton         Necr           0%         N/A       45%         1
 Freeze                   Ice            0%         1d3       45%         1
 Swiftness                Air            3%         N/A       69%         3
 Gell's Gravitas          Tloc           0%         N/A       83%         3
 Lesser Beckoning         Tloc           0%         N/A       83%         3
 Ozocubu's Armour         Ice            0%         N/A       83%         3
 Teleport Other           Tloc           0%         N/A       83%         3
 Leda's Liquefaction      Hex/Erth       2%         N/A       95%         4
 Freezing Cloud           Conj/Ice/Air   0%         6-21      100%        5
 Dispersal                Tloc           0%         N/A       100%        6
 Disjunction              Tloc           0%         N/A       100%        8


Dungeon Overview and Level Annotations

Branches:
Dungeon (7/15)             Temple (1/1) D:7

Altars:
Ashenzari
Cheibriados
Dithmenos
Elyvilon
Fedhas
Gozag
Hepliaklqana
Makhleb
Nemelex Xobeh
Qazlal
Ru
Sif Muna
Uskayaw
Wu Jian
Yredelemnul
Zin
The Shining One

Shops:
D:4 (*

Annotations:
D:6 3 runed translucent doors, Johnny's ghost, novice HuBe


Innate Abilities, Weirdness & Mutations

You are mostly covered in molten scales. (AC +3)
Your magical and physical power is slightly enhanced at high health.
You have a small tail.


Message History

You hit the brown ugly thing.
The brown ugly thing is lightly wounded.
The brown ugly thing gores you.
You are splashed with acid!
You slash the brown ugly thing! You tail-slap the brown ugly thing.
The brown ugly thing is moderately wounded.
The brown ugly thing gores you.
You are splashed with acid!
The brown ugly thing closely misses you.
You barely miss the brown ugly thing.
The brown ugly thing is lightly wounded.
The brown ugly thing gores you. The acid corrodes you!
You are splashed with acid!
* * * LOW HITPOINT WARNING * * *
The brown ugly thing closely misses you.
You see here a +0 hand axe.
The brown ugly thing looks more healthy.
The brown ugly thing gores you but does no damage.
You are no longer corroded.
You barely miss the brown ugly thing.
The brown ugly thing is lightly wounded.
The brown ugly thing gores you but does no damage.
The brown ugly thing gores you but does no damage.
You hit the brown ugly thing.
The brown ugly thing is poisoned.
You tail-slap the brown ugly thing.
The brown ugly thing is lightly wounded.
The brown ugly thing misses you.
You closely miss the brown ugly thing.
The brown ugly thing is moderately wounded.
The brown ugly thing barely misses you. The brown ugly thing gores you!
* * * LOW HITPOINT WARNING * * *
You are splashed with acid!
* * * LOW HITPOINT WARNING * * *
As you read the scroll labelled SEMIAK UNAL, it crumbles to dust.
It is a scroll of enchant weapon.
Your +0 hand axe of venom glows red for a moment.
The brown ugly thing gores you!
* * * LOW HITPOINT WARNING * * *
The acid corrodes you!
You are splashed with acid!
You die...
Your body crumbles into a pile of gold.

##........##
##########.#
##...).....##
#.##########
##.......##
########.####
#......###.## #
##.u#####...## ##
#..###@###..#..#######.
#.........###......)..
####.......#..........
#######...#########
#####


You could see a brown ugly thing (poisoned).

Vanquished Creatures
  A boulder beetle (D:7)
  A hornet (D:7)
  A steam dragon (D:7)
  A water moccasin (D:7)
  An ice beast (D:5)
  2 orc warriors (D:6)
  A sky beast (D:6)
  A hornet zombie (D:7)
  A necrophage (D:5)
  An ogre (D:7)
  2 bullfrogs (D:7)
  4 scorpions
  A water moccasin skeleton (D:3)
  A water moccasin zombie (D:5)
  A wight (D:7)
  2 howler monkeys (D:7)
  2 bullfrog zombies (D:6)
  A gnoll shaman (D:7)
  A bullfrog skeleton (D:6)
  3 hounds (D:5)
  A centaur skeleton (D:5)
  10 orc priests
  3 iguanas
  Ijyb (D:4)
  8 orc wizards
  A hound skeleton (D:4)
  Robin (D:4)
  A howler monkey zombie (D:6)
  10 adders
  A shadow imp (D:6)
  A white imp (D:6)
  An adder skeleton (D:4)
  An adder zombie (D:5)
  4 dart slugs
  21 orcs
  7 endoplasms
  A giant cockroach (D:2)
  14 goblins
  9 hobgoblins
  5 quokkas
  5 ball pythons
  2 bats
  4 frilled lizards
  5 kobolds
  7 rats
153 creatures vanquished.

Notes
Turn   | Place    | Note
-------+----------+-------------------------------------------
     0 | D:1      | DungeonMaster the Demonspawn Wanderer began the quest for
                  | the Orb.
     0 | D:1      | DungeonMaster set off with the following items: a +2
                  | dagger, a potion of berserk rage, a +0 robe; and the
                  | following spell memorised: Freeze; and the following spells
                  | available to memorise: Ozocubu's Armour
     0 | D:1      | Reached XP level 1. HP: 15/15 MP: 2/2
   259 | D:1      | Found a faded altar of an unknown god.
   269 | D:1      | Got Plato's Volume of Sinister Rites
   582 | D:1      | Reached skill level 1 in Dodging
   582 | D:1      | Gained mutation: You are partially covered in molten
                  | scales. (AC +2) [demonic ancestry]
   582 | D:1      | Reached XP level 2. HP: 21/21 MP: 3/3
   930 | D:1      | Reached skill level 2 in Fighting
  1392 | D:2      | Reached XP level 3. HP: 27/27 MP: 4/4
  1768 | D:2      | Reached skill level 1 in Armour
  2268 | D:3      | Reached XP level 4. HP: 25/34 MP: 5/5
  2574 | D:3      | Reached skill level 3 in Fighting
  2574 | D:3      | Gained mutation: You are mostly covered in molten scales.
                  | (AC +3) [demonic ancestry]
  2574 | D:3      | Reached XP level 5. HP: 16/41 MP: 6/6
  4222 | D:3      | Reached XP level 6. HP: 44/48 MP: 7/7
  4306 | D:4      | Noticed Ijyb
  4394 | D:4      | Noticed Robin
  4404 | D:4      | Killed Robin
  4560 | D:4      | Killed Ijyb
  4578 | D:4      | Reached skill level 4 in Fighting
  4995 | D:4      | Found Eminot's Assorted Antiques.
  4995 | D:4      | Found Nyxiquock's Antique Weapon Emporium.
  5288 | D:5      | Entered Level 5 of the Dungeon
  5344 | D:5      | Got Uduirofi's Grimoire of Lightness and Beguiling
  5358 | D:5      | Noticed an ice beast
  5363 | D:5      | Killed an ice beast
  5364 | D:5      | Reached XP level 7. HP: 55/55 MP: 8/8
  5754 | D:5      | Reached skill level 5 in Fighting
  6417 | D:6      | Found a runed translucent gate.
  6417 | D:6      | Found a runed translucent gate.
  6417 | D:6      | Found a runed translucent gate.
  6576 | D:6      | Gained mutation: Your magical and physical power is
                  | slightly enhanced at high health. [demonic ancestry]
  6576 | D:6      | Reached XP level 8. HP: 57/63 MP: 9/9
  6743 | D:6      | Reached skill level 5 in Dodging
  7188 | D:6      | Found a shimmering blue altar of Sif Muna.
  7194 | D:6      | Reached skill level 6 in Fighting
  7194 | D:6      | Reached skill level 5 in Armour
  8018 | D:6      | Noticed Johnny's ghost (novice HuBe)
  8214 | D:7      | Noticed a hornet
  8217 | D:7      | Paralysed by a hornet for 1 turns
  8222 | D:7      | Killed a hornet
  8223 | D:7      | Gained mutation: You have a small tail. [demonic ancestry]
  8223 | D:7      | Reached XP level 9. HP: 12/71 MP: 10/10
  8587 | D:7      | Reached skill level 7 in Fighting
  9235 | D:7      | Found a staircase to the Ecumenical Temple.
  9246 | Temple   | Entered the Ecumenical Temple
  9324 | Temple   | Became a worshipper of Gozag Ym Sagoz the Greedy
  9729 | D:7      | Noticed a boulder beetle
  9743 | D:7      | Killed a boulder beetle
  9744 | D:7      | Reached skill level 8 in Fighting
  9877 | D:7      | Noticed a brown ugly thing
  9916 | D:7      | HP: 2/74 [brown ugly thing (8)]
  9916 | D:7      | Splashed by a brown ugly thing's acid

Illustrated notes

Levels and vault maps discovered:
D:1:      roderic_crop_circles_arrival_small, layout_basic,
          shapermc_ecumenical_altar_rom_forum, kennysheep_nondescript
D:2:      layout_loops_ring
D:3:      layout_loops_cross, grunt_ministairs_13
D:4:      layout_basic, enter_ossuary_1, nicolae_wooded_promenade,
          lightli_corner_chamber, uniq_robin, uniq_ijyb
D:5:      layout_loops_ring
D:6:      layout_basic, kennysheep_orc_sif_temple, gammafunk_ghost_icy,
          corexii_shack, minmay_misc_feat_five
D:7:      minmay_the_grid_octo_2x2 [minmay_the_grid_octo_toaster,
          minmay_the_grid_octo_concentric, minmay_the_grid_octo_focus,
          minmay_the_grid_octo_prize_star], layout_basic,
          grunt_temple_overflow_bloody_war, minmay_temple_entry_stoned_glass,
          ebering_ghost_rock_garden
Temple:   compressed_dpeg_circular_temple

Skill      XL: |  1  2  3  4  5  6  7  8  9 |
---------------+----------------------------+-----
Dodging        | 1 2 3 4 6 7 |  7.3
Fighting       | 2 3 4 5 6 8 |  8.1
Armour         | 1 2 3 4 5 7 |  7.1
Staves         | |  1.7
Stealth        | |  1.0
Spellcasting   | |  1.0
Hexes          | |  3.0
Air Magic      | |  1.0
Evocations     | |  1.0

Action                   |  1- 3 |  4- 6 |  7- 9 || total
-------------------------+-------+-------+-------++-------
Melee: Dagger            |   131 |   122 |       ||   253
       Hand axe          |       |    85 |   292 ||   377
       Spear             |       |       |    32 ||    32
       Tailslap          |       |       |    27 ||    27
Throw: Stone             |       |     5 |       ||     5
Evoke: Wand              |       |     2 |     4 ||     6
  Use: Scroll            |     4 |     6 |     7 ||    17
       Potion            |       |     2 |     3 ||     5
 Stab: Sleeping          |     3 |     7 |     3 ||    13
       Invisible         |       |     3 |       ||     3
Armor: Robe              |     9 |       |       ||     9
       Ring mail         |    40 |   105 |   166 ||   311
Dodge: Dodged            |    57 |   151 |   245 ||   453

Table legend: (Time is in decaauts)
 A = Elapsed time spent in this place.
 B = Non-inter-level travel time spent in this place.
 C = Inter-level travel time spent in this place.
 D = Time resting spent in this place.
 E = Time spent auto-exploring this place.
 F = Levels seen in this place.
 G = Mean time per level.
                   A        B        C        D        E       F      G
               +--------+--------+--------+--------+--------+-----+--------+
         Total |  10042 |   9887 |    155 |   3018 |   5274 |   8 | 1255.2 |
       Dungeon |   9952 |   9808 |    144 |   3018 |   5220 |   7 | 1421.7 |
        Temple |     89 |     78 |     11 |      0 |     54 |   1 |   89.0 |
               +--------+--------+--------+--------+--------+-----+--------+

Top non-repeatable levels by time:
     D:3: 1926 daAuts
     D:7: 1824 daAuts
     D:6: 1713 daAuts
     D:1: 1211 daAuts
     D:4: 1147 daAuts
     D:5: 1094 daAuts
     D:2: 1034 daAuts
  Temple: 89 daAuts
